[Event "Team 45 45 League T46"]
[Site "Internet Chess Club"]
[Date "2010.10.02"]
[Round "9"]
[White "Guoruey"]
[Black "MeoPatacca"]
[Result "1/2-1/2"]
[WhiteElo "1898"]
[BlackElo "1849"]
[Opening "Scandinavian (center counter) defense"]
[ECO "B01"]
[Time "09:16:33"]
[TimeControl "2700+45"]

1. e4 d5 2. exd5 Qxd5 3. Nc3 Qa5 4. d4 Nf6 5. Bc4 Bg4 6. Ne2 e6 7. O-O c6 8. Qd3
Nbd7 9. Bd2 Qc7 10. Bf4 Bd6 11. Bxd6 Qxd6 12. Ng3 O-O-O 13. h3 Bh5 14. Nxh5 Nxh5
15. Ne4 Qc7 16. Qe2 Nhf6 17. c3 Nxe4 18. Qxe4 Nf6 19. Qc2 Nd5 20. a4 h5 21. b4
Nf4 22. Qb3 Qe7 23. Kh2 h4 24. b5 c5 25. Qa3 Qg5 26. Qxc5+ Qxc5 27. dxc5 Rh6 28.
Rfb1 Rg6 29. Bf1 Rd2 30. Rb4 Rxf2 31. Rxf4 Rxf4 32. a5 Rg5 33. b6 axb6 34. cxb6
Rc5 35. a6 bxa6 36. Bxa6+ Kb8 37. c4 Rd4 38. Rb1 Rdxc4 39. Bxc4 Rxc4 40. Rd1 Rf4
41. Rd7 Rf6 42. Re7 Rf5 43. Kg1 e5 44. Kh2 g6 45. g4 hxg3+ 46. Kxg3 f6 47. h4
Rf1 48. Kg2 Rf4 49. Kg3 Rb4 50. Re6 Rf4 51. Re7 Rb4 52. Re6 Kb7 53. Rxf6 Rxb6
54. Rf7+ Kc6 55. Kf3 Kd5 56. Rd7+ Rd6 57. Rh7 Kd4 58. Ke2 Ke4 59. h5 g5 60. h6
Rg6 61. Rg7 Rxh6 62. Rxg5 Rh2+ 63. Ke1 Kf4 64. Rg8 Ke3 65. Rg3+ Kf4 66. Ra3 e4
67. Rb3 Rh1+ 68. Ke2 Rh2+ 69. Ke1 e3 70. Rb8 {Game drawn by mutual agreement}
1/2-1/2

[Event "Team 45 45 League T46"]
[Site "Internet Chess Club"]
[Date "2010.10.03"]
[Round "9"]
[White "GreatBendini"]
[Black "MeanMrMustard"]
[Result "1/2-1/2"]
[WhiteElo "1841"]
[BlackElo "1851"]
[Opening "French: Steinitz, Boleslavsky variation"]
[ECO "C11"]
[Time "11:02:52"]
[TimeControl "2700+45"]

1. e4 e6 2. d4 d5 3. Nc3 Nf6 4. e5 Nfd7 5. f4 c5 6. Nf3 Nc6 7. Be3 cxd4 8. Nxd4
Bc5 9. Be2 a6 10. Nxc6 bxc6 11. Bxc5 Nxc5 12. Qd4 Nd7 13. O-O c5 14. Qf2 O-O 15.
Bd3 Rb8 16. b3 Qc7 17. Rab1 f5 18. Na4 a5 19. Qe2 Bb7 20. Bb5 Nb6 21. Nb2 Ba8
22. a4 d4 23. Bc4 Bd5 24. Bd3 Ba8 25. Bc4 Bd5 26. Bd3 Ba8 27. Bc4 {Game drawn by
repetition} 1/2-1/2

[Event "Team 45 45 League T46"]
[Site "Internet Chess Club"]
[Date "2010.10.04"]
[Round "9"]
[White "gerailen0075"]
[Black "ScotchYeti"]
[Result "1-0"]
[WhiteElo "1903"]
[BlackElo "1601"]
[Opening "Sicilian: Kan, 5.Bd3"]
[ECO "B42"]
[Time "15:00:03"]
[TimeControl "2700+45"]

1. e4 c5 2. Nf3 e6 3. d4 cxd4 4. Nxd4 a6 5. Bd3 Nc6 6. Nxc6 bxc6 7. O-O Nf6 8.
e5 Nd5 9. c4 Nb6 10. Nc3 Be7 11. Qg4 g6 12. Bh6 d5 13. exd6 Bxd6 14. g3 Bf8 15.
Bxf8 Kxf8 16. Rad1 Qe7 17. Qd4 f6 18. Qxb6 Bb7 19. Be4 Rc8 20. Rd2 Rc7 21. Rfd1
c5 22. Rd8+ Kg7 23. Qxc7 Qxc7 24. R8d7+ Qxd7 25. Rxd7+ {Black resigns} 1-0

[Event "Team 45 45 League T46"]
[Site "Internet Chess Club"]
[Date "2010.10.04"]
[Round "9"]
[White "SlimeDog2"]
[Black "Lokath"]
[Result "0-1"]
[WhiteElo "2117"]
[BlackElo "1931"]
[Opening "Queen's pawn: Englund gambit"]
[ECO "A40"]
[Time "23:45:25"]
[TimeControl "2700+45"]

1. d4 e5 2. dxe5 Nc6 3. Nf3 Qe7 4. Qd5 f6 5. exf6 Nxf6 6. Qb3 d5 7. Bg5 Bd7 8.
Nc3 Na5 9. Bxf6 Nxb3 10. Bxe7 Nxa1 11. Bxf8 Rxf8 12. Nxd5 O-O-O 13. c4 c6 14.
Ne3 Bf5 15. Nd2 Nc2+ 16. Nxc2 Bxc2 17. e3 Rf6 18. Be2 Rfd6 19. Nf1 Bd3 20. Bg4+
Kc7 21. Nd2 Bf5 22. Bxf5 Rxd2 23. O-O Rxb2 24. Bxh7 Rxa2 25. g4 a5 26. g5 a4 27.
h4 a3 28. h5 Rad2 29. h6 gxh6 30. g6 a2 31. g7 Rd1 32. Rxd1 Rxd1+ 33. Kg2 a1=Q
{White resigns} 0-1

[Event "Team 45 45 League T46"]
[Site "Internet Chess Club"]
[Date "2010.10.01"]
[Round "9"]
[White "tigereye"]
[Black "AncientTurnip"]
[Result "0-1"]
[WhiteElo "1797"]
[BlackElo "1830"]
[Opening "Caro-Kann: Panov-Botvinnik attack, 5...e6"]
[ECO "B14"]
[Time "06:00:04"]
[TimeControl "2700+45"]

1. d4 d5 2. c4 e6 3. Nc3 c5 4. e3 cxd4 5. exd4 Nf6 6. Bg5 Be7 7. Nf3 O-O 8. Rc1
h6 9. Bh4 Nc6 10. h3 Bd7 11. cxd5 Nxd5 12. Bg3 Qb6 13. Bc4 Qb4 14. Bxd5 exd5 15.
Qd2 Be6 16. O-O Rfe8 17. Rfd1 Rac8 18. a3 Qb3 19. Ne2 Bf5 20. Rc3 Qb6 21. Nf4
Qb5 22. Ne5 Bd6 23. Nxc6 Rxc6 24. Rxc6 bxc6 25. b4 Re4 26. Qc3 Bxf4 27. f3 Be3+
28. Kh2 Re6 29. Be5 Qe2 30. Re1 Bxd4 31. Qxd4 Qxe1 32. Bxg7 Rg6 {White resigns}
0-1

[Event "Team 45 45 League T46"]
[Site "Internet Chess Club"]
[Date "2010.10.02"]
[Round "9"]
[White "musk6868"]
[Black "Deebs"]
[Result "1-0"]
[WhiteElo "1833"]
[BlackElo "1766"]
[Opening "Sicilian: closed"]
[ECO "B23"]
[Time "08:31:21"]
[TimeControl "2700+45"]

1. e4 c5 2. Nc3 e6 3. f4 d5 4. Nf3 Nc6 5. Bb5 Ne7 6. d3 a6 7. Bxc6+ Nxc6 8. O-O
Be7 9. a4 O-O 10. b3 b6 11. Qe1 Bb7 12. e5 Rc8 13. Ne2 c4 14. d4 cxb3 15. cxb3
Na5 16. Rb1 Rc2 17. Qd1 Ra2 18. Nc3 Ra3 19. Bxa3 Bxa3 20. Ne2 Qe7 21. Ng3 g6 22.
Rf2 Rc8 23. Rc2 Qd7 24. Nf1 Rc6 25. Ne3 Qc7 26. Rxc6 Qxc6 27. Qc2 Kf8 28. Qxc6
Nxc6 29. Nc2 Be7 30. Rc1 Ke8 31. Kf2 h6 32. Ke3 Kd7 33. Nfe1 a5 34. Nd3 Ba6 35.
Rb1 Kc7 36. Kd2 Bxd3 37. Kxd3 Kb7 38. Rf1 Kc7 39. g4 f5 40. gxf5 gxf5 41. Rg1
Kd7 42. Rg8 h5 43. Kc3 h4 44. h3 Kc7 45. Rg7 Kd8 46. Rg8+ Kc7 47. Kd3 Kd7 48.
Ke3 Kc7 49. Rh8 Kd7 50. Rh7 Kd8 51. Ne1 Nb4 52. Nf3 Nc2+ 53. Kd3 Nb4+ 54. Kc3
Na2+ 55. Kd2 Bb4+ 56. Kc2 Nc3 57. Ng5 Ne4 58. Nxe6+ Kc8 59. Nc7 Nf2 60. Nxd5
Nxh3 61. Nxb6+ Kd8 62. Rxh4 Ng1 63. Rh8+ Ke7 64. Nd5+ Ke6 65. Nxb4 axb4 66. a5
{Black resigns} 1-0

[Event "Team 45 45 League T46"]
[Site "Internet Chess Club"]
[Date "2010.10.03"]
[Round "9"]
[White "RayF"]
[Black "BotanicalKnight"]
[Result "1-0"]
[WhiteElo "1888"]
[BlackElo "1625"]
[Opening "Dutch: classical variation"]
[ECO "A96"]
[Time "20:06:02"]
[TimeControl "2700+45"]

1. d4 f5 2. c4 e6 3. g3 Nf6 4. Bg2 Be7 5. Nf3 O-O 6. O-O d6 7. Nc3 a5 8. Qc2 Nc6
9. Bf4 Nh5 10. Bd2 Nb4 11. Qc1 Nc6 12. Nb5 d5 13. cxd5 exd5 14. Ne1 Nf6 15. Bf4
Bd6 16. Nxd6 cxd6 17. Qc3 Ne4 18. Qb3 Qe7 19. Qxd5+ Be6 20. Qb5 Nxd4 21. Qd3 Qf6
22. Nf3 Nxf3+ 23. exf3 g5 24. Be3 Nc5 25. Qxd6 Nd7 26. Bxg5 Qf7 27. Rfe1 {Black
forfeits on time} 1-0

[Event "Team 45 45 League T46"]
[Site "Internet Chess Club"]
[Date "2010.10.03"]
[Round "9"]
[White "TerryMalloy"]
[Black "eurander"]
[Result "1/2-1/2"]
[WhiteElo "2038"]
[BlackElo "2181"]
[Opening "QGD Slav defense: exchange variation"]
[ECO "D10"]
[Time "17:03:51"]
[TimeControl "2700+45"]

1. d4 d5 2. c4 c6 3. cxd5 cxd5 4. Nc3 Nf6 5. Bf4 Nc6 6. e3 Bf5 7. Qb3 Na5 8.
Qa4+ Bd7 9. Qc2 Rc8 10. Bd3 e6 11. Nf3 Be7 12. O-O O-O 13. Ne5 b5 14. Qe2 Nc4
15. Rac1 a6 16. Bg5 b4 17. Nb1 Bb5 18. b3 Nd6 19. Bxb5 Nxb5 20. Rc2 h6 21. Bh4
Bd6 22. Rfc1 Rxc2 23. Qxc2 g5 24. Bg3 Ne4 25. Nd3 Nxg3 26. hxg3 Qb6 27. Qc6 Rb8
28. Qxb6 Rxb6 29. Rc8+ Kg7 30. Kf1 Rb7 31. Ke2 Rc7 32. Rxc7 Nxc7 33. Kd2 Nb5 34.
Nc1 f5 35. Ne2 Kf6 36. Kd3 h5 37. Nd2 a5 38. Nf3 Bc7 39. Kc2 Nd6 40. Ne5 Ne4 41.
f3 Nd6 42. Nd7+ Ke7 43. Ne5 Nb5 44. Kd3 Kf6 45. Nd7+ Ke7 46. Ne5 Kf6 47. Nd7+
{Game drawn by mutual agreement} 1/2-1/2

[Event "Team 45 45 League T46"]
[Site "Internet Chess Club"]
[Date "2010.10.02"]
[Round "9"]
[White "pestka"]
[Black "Folgers"]
[Result "1-0"]
[WhiteElo "2263"]
[BlackElo "2154"]
[Opening "QGD Slav: Winawer counter-gambit"]
[ECO "D10"]
[Time "15:31:45"]
[TimeControl "2700+45"]

1. d4 d5 2. c4 c6 3. Nc3 e5 4. dxe5 d4 5. Ne4 Qa5+ 6. Bd2 Qxe5 7. Ng3 Nf6 8. Nf3
Qd6 9. Qc2 Be7 10. O-O-O O-O 11. Bc3 Qf4+ 12. e3 dxe3 13. fxe3 Qh6 14. Bd2 Ng4
15. e4 Qg6 16. Nf5 Bxf5 17. exf5 Qd6 18. Re1 Na6 19. h3 Nf6 20. g4 Qg3 21. Be2
Bb4 22. Rhg1 Bxd2+ 23. Qxd2 Qf2 24. Qd4 Qxd4 25. Nxd4 Rad8 26. Nb3 Rfe8 27. Bf3
Nb4 28. Rxe8+ Nxe8 29. a3 Nd3+ 30. Kc2 Ne5 31. Be2 b6 32. c5 Nf6 33. cxb6 axb6
34. Re1 Nd5 35. Nd4 Ne3+ 36. Kc3 f6 37. Ne6 Rd6 38. Nf4 Nd5+ 39. Nxd5 Rxd5 40.
Rd1 Rxd1 41. Bxd1 Kf7 42. a4 Ke7 43. b4 Kd6 44. Kd4 c5+ 45. bxc5+ bxc5+ 46. Ke4
Kc6 47. Be2 h6 48. Bb5+ Kb6 49. Kd5 Nf3 50. Be2 Ng1 51. Bf1 Nf3 52. Be2 Ng1 53.
Bf1 Nf3 54. Ke6 Ka5 55. Kf7 Kxa4 56. Kxg7 Kb3 57. Kxh6 c4 58. Bxc4+ Kxc4 59. Kg7
Kd4 60. Kxf6 Ke4 61. g5 Nh4 62. g6 Nxf5 63. h4 Kf4 64. h5 Kg4 65. g7 Nxg7 66. h6
Nh5+ 67. Kf7 {Black resigns} 1-0

[Event "Team 45 45 League T46"]
[Site "Internet Chess Club"]
[Date "2010.09.30"]
[Round "9"]
[White "cysk"]
[Black "azbycx"]
[Result "1-0"]
[WhiteElo "1777"]
[BlackElo "1868"]
[Opening "Sicilian: closed, 2...Nc6"]
[ECO "B23"]
[Time "23:08:12"]
[TimeControl "2700+45"]

1. e4 c5 2. Nc3 Nc6 3. Bb5 g6 4. Bxc6 dxc6 5. f4 Bg7 6. Nf3 Bg4 7. d3 e5 8. O-O
exf4 9. Bxf4 Nf6 10. Qe1 O-O 11. Bg5 Bxf3 12. Rxf3 Qd4+ 13. Be3 Qd6 14. Qh4 h5
15. h3 Nh7 16. Qf2 Bd4 17. Rf1 Bxe3 18. Qxe3 Qd4 19. Kh1 Qxe3 20. Rxe3 Ng5 21.
e5 Rae8 22. h4 Ne6 23. Ne4 Re7 24. c3 b6 25. Nf6+ Kg7 26. Rg3 Kh6 27. Rgf3 Kg7
28. Kg1 Nc7 29. Rg3 Kh6 30. b3 Nd5 31. Nxd5 cxd5 32. d4 Kg7 33. Rgf3 Re6 34. Rf6
Kg8 35. b4 c4 36. b5 Kg7 37. Rxe6 fxe6 38. Rxf8 Kxf8 39. Kf2 Kf7 40. Kf3 Kg7 41.
Kf4 Kh6 42. a3 {Black resigns} 1-0

[Event "Team 45 45 League T46"]
[Site "Internet Chess Club"]
[Date "2010.10.02"]
[Round "9"]
[White "chiiwen"]
[Black "Ptzz"]
[Result "1/2-1/2"]
[WhiteElo "2144"]
[BlackElo "2095"]
[Opening "Caro-Kann: classical, Spassky variation"]
[ECO "B19"]
[Time "12:00:06"]
[TimeControl "2700+45"]

1. e4 c6 2. d4 d5 3. Nd2 dxe4 4. Nxe4 Bf5 5. Ng3 Bg6 6. h4 h6 7. Nf3 Nd7 8. h5
Bh7 9. Bd3 Bxd3 10. Qxd3 e6 11. Bd2 Ngf6 12. O-O-O Be7 13. Qe2 O-O 14. Nf1 Ng4
15. Ne3 Ndf6 16. Nxg4 Nxg4 17. Kb1 Qd5 18. Ne5 Nxe5 19. dxe5 Qc5 20. f4 Rfd8 21.
Be3 Qa5 22. g4 Rxd1+ 23. Rxd1 Rd8 24. Rxd8+ Bxd8 25. c4 Bb6 26. a3 Bxe3 27. Qxe3
Qd8 28. Ka2 b6 29. g5 Qd1 30. gxh6 gxh6 31. Qg3+ Kf8 32. Qh4 Qd4 33. Qf6 Qxc4+
34. Ka1 Qc1+ 35. Ka2 Qc4+ 36. Ka1 {Game drawn by mutual agreement} 1/2-1/2

[Event "Team 45 45 League T46"]
[Site "Internet Chess Club"]
[Date "2010.10.04"]
[Round "9"]
[White "Jack-ONeill"]
[Black "Fulvio"]
[Result "0-1"]
[WhiteElo "2026"]
[BlackElo "2049"]
[Opening "Giuoco Piano"]
[ECO "C54"]
[Time "12:01:57"]
[TimeControl "2700+45"]

1. e4 e5 2. Nf3 Nc6 3. Bc4 Bc5 4. c3 Nf6 5. d4 exd4 6. cxd4 Bb4+ 7. Bd2 Nxe4 8.
Bxb4 Nxb4 9. Bxf7+ Kxf7 10. Qb3+ Kf8 11. Qxb4+ Qe7 12. Qxe7+ Kxe7 13. O-O Nf6
14. Re1+ Kd8 15. Nc3 d6 16. d5 Bg4 17. Ng5 Kd7 18. f3 Bf5 19. g4 Bg6 20. Ne6 Bf7
21. g5 Nxd5 22. Nxd5 Bxe6 23. Nxc7 Kxc7 24. Rxe6 Rae8 25. Rae1 Kd7 26. Rxe8 Rxe8
27. Rxe8 Kxe8 28. Kf2 Kf7 29. Ke3 Ke6 30. Ke4 h5 31. gxh6 gxh6 32. a4 a5 33. b3
h5 34. h4 d5+ 35. Kd4 Kd6 36. f4 Ke6 37. Kc5 Kf5 38. b4 axb4 39. Kxb4 Kxf4 40.
Kc5 Ke5 {White forfeits on time} 0-1

[Event "Team 45 45 League T46"]
[Site "Internet Chess Club"]
[Date "2010.10.02"]
[Round "9"]
[White "martineden"]
[Black "Zumbi"]
[Result "1/2-1/2"]
[WhiteElo "1863"]
[BlackElo "2019"]
[Opening "QGD semi-Slav: Meran variation"]
[ECO "D47"]
[Time "09:55:49"]
[TimeControl "2700+45"]

1. d4 d5 2. c4 e6 3. Nc3 c6 4. e3 Nf6 5. Nf3 Nbd7 6. Bd3 dxc4 7. Bxc4 b5 8. Bd3
Bd6 9. e4 e5 10. O-O O-O 11. a3 exd4 12. Nxd4 Ne5 13. Be2 Bc5 {Game drawn by
mutual agreement} 1/2-1/2

[Event "Team 45 45 League T46"]
[Site "Internet Chess Club"]
[Date "2010.10.03"]
[Round "9"]
[White "Guoruey"]
[Black "chess9793"]
[Result "1-0"]
[WhiteElo "1921"]
[BlackElo "2042"]
[Opening "Sicilian: accelerated fianchetto, modern variation"]
[ECO "B34"]
[Time "20:11:54"]
[TimeControl "2700+45"]

1. e4 c5 2. Nf3 Nc6 3. Nc3 g6 4. d4 cxd4 5. Nxd4 Bg7 6. Be3 Nf6 7. Be2 O-O 8.
O-O d5 9. exd5 Nb4 10. Qd2 Nbxd5 11. Nxd5 Nxd5 12. Bh6 e5 13. Bxg7 Kxg7 14. Nb5
Nf4 15. Qe3 f6 16. Bf3 Qe7 17. Nxa7 Be6 18. Rfd1 Qb4 19. a4 Bc4 20. b3 Ba6 21.
Rd7+ Kh8 22. Rad1 Rae8 23. Nb5 Qxb5 24. axb5 Bxb5 25. Rxb7 Ba6 26. Ra7 Bc8 27.
Qc5 Be6 28. Qc7 Rf7 29. Qxf7 Bxf7 30. Rxf7 e4 31. Rxf6 g5 32. Bg4 h5 33. Bf5 Kg7
34. Rfd6 Kf8 35. Re1 Ke7 36. Rxe4+ Kxd6 37. Rxe8 Kc5 38. Re4 Kd5 39. Rxf4 gxf4
40. Kf1 Ke5 41. Bd3 Kd4 42. Ke2 Kc3 43. Kf3 Kb4 44. Kxf4 Kc3 45. Kg5 Kd4 46.
Kxh5 Kc5 47. Kg5 Kb4 48. h4 Kc3 49. h5 Kd4 50. h6 Kc5 51. h7 Kb4 52. h8=Q Kc5
53. Qd8 Kb4 54. Qb6+ Ka3 55. Qc5+ Kb2 56. Kf4 Ka2 57. Ke3 Kb2 58. Kd2 Kb1 59.
c4+ Kb2 60. b4 Kb3 61. b5 Ka4 62. b6 Kb3 63. b7 Ka4 64. Qb5+ Ka3 65. b8=Q Ka2
{Black resigns} 1-0

[Event "Team 45 45 League T46"]
[Site "Internet Chess Club"]
[Date "2010.10.03"]
[Round "9"]
[White "vaknight"]
[Black "SugarIslander"]
[Result "1-0"]
[WhiteElo "1738"]
[BlackElo "1657"]
[Opening "Bird's opening"]
[ECO "A03"]
[Time "13:00:13"]
[TimeControl "2700+45"]

1. f4 d5 2. Nf3 Nc6 3. e3 a6 4. b3 Nf6 5. Bb2 e6 6. a3 Bd6 7. Bd3 Qe7 8. Ne5
Bxe5 9. fxe5 Nd7 10. Qh5 g6 11. Qh6 Rf8 12. O-O Ndxe5 13. Qxh7 f5 14. Qxe7+ Kxe7
15. Be2 Bd7 16. Nc3 Nf7 17. Nd1 e5 18. Nf2 Ng5 19. Nd3 e4 20. Nf4 Kd6 21. a4 Rg8
22. c4 Ne7 23. cxd5 Rad8 24. Ba3+ c5 25. dxc6+ Kxc6 26. Bxe7 Ne6 27. Nxe6 Bxe6
28. Bxd8 Rxd8 29. Rac1+ Kd6 30. Rc3 Ke5 31. d4+ exd3 32. Bxd3 Bd5 33. g3 Rd7 34.
Rfc1 Bc6 35. a5 Kf6 36. b4 Kg5 37. Bxa6 Rd2 38. Bf1 Be4 39. Ra1 Rb2 40. b5 Kg4
41. a6 bxa6 42. bxa6 g5 43. Rc4 Kf3 44. Rxe4 fxe4 45. a7 g4 46. a8=Q Rc2 47.
Qf8+ Kxe3 48. Qf4+ Kd4 49. Ra4+ Kc3 50. Qe3+ Kb2 51. Rb4+ Ka2 52. Qb3+ Ka1 53.
Ra4+ {Black resigns} 1-0

[Event "Team 45 45 League T46"]
[Site "Internet Chess Club"]
[Date "2010.10.03"]
[Round "9"]
[White "oldsj"]
[Black "loserloser"]
[Result "1-0"]
[WhiteElo "1654"]
[BlackElo "1766"]
[Opening "Sicilian: Pelikan, Chelyabinsk variation"]
[ECO "B33"]
[Time "12:03:10"]
[TimeControl "2700+45"]

1. e4 c5 2. Nf3 Nc6 3. d4 cxd4 4. Nxd4 Nf6 5. Nc3 e5 6. Ndb5 d6 7. Bg5 a6 8. Na3
b5 9. Nd5 Be7 10. Bxf6 Bxf6 11. c3 Bg5 12. Nc2 O-O 13. a4 bxa4 14. Rxa4 a5 15.
Bb5 Bd7 16. O-O Rb8 17. Bxc6 Bxc6 18. Ra2 Bb5 19. Re1 Bc4 20. Ra4 Bxd5 21. Qxd5
Rxb2 22. Qd3 Qb6 23. Raa1 f5 24. exf5 g6 25. Re2 gxf5 26. Qg3 Qd8 27. h4 h6 28.
hxg5 hxg5 29. Qd3 g4 30. Qd5+ Kg7 31. Rxa5 g3 32. Ra7+ Kg6 33. Qf3 gxf2+ 34.
Qxf2 Qg5 35. Ra1 Rh8 36. Ne3 Rxe2 37. Qxe2 Qf4 38. Ra6 Qh2+ 39. Kf2 Qf4+ 40. Qf3
Qh4+ 41. g3 Qf6 42. Kg2 e4 43. Qf4 Rd8 44. Nd5 Qe6 45. c4 Rd7 46. Qe3 Kf7 47.
Ra7 Qe8 48. Rxd7+ Qxd7 49. Qh6 Qe6 50. Qxe6+ Kxe6 51. Kf2 Kf7 52. Ke3 Kg7 53.
Kf4 {Black resigns} 1-0

[Event "Team 45 45 League T46"]
[Site "Internet Chess Club"]
[Date "2010.10.03"]
[Round "9"]
[White "CheeryCherry"]
[Black "rom1"]
[Result "1/2-1/2"]
[WhiteElo "1534"]
[BlackElo "1490"]
[Opening "Alekhine's defense: Scandinavian variation"]
[ECO "B02"]
[Time "11:01:57"]
[TimeControl "2700+45"]

1. e4 Nf6 2. Nc3 d5 3. exd5 Nxd5 4. Nf3 Bg4 5. d4 e6 6. Be2 Be7 7. O-O O-O 8.
Ne4 h6 9. c4 Nf6 10. Ng3 Nh5 11. Be3 Nd7 12. b3 Nxg3 13. hxg3 Nf6 14. Ne5 Bxe2
15. Qxe2 c6 16. Kh2 Ne4 17. f3 Nd6 18. Rh1 Nf5 19. Bf2 Nxd4 20. Qe4 Nf5 21. g4
Nd6 22. Qc2 Bf6 23. Rae1 g6 24. Kg1 Kg7 25. Qd2 Rh8 26. Bg3 Qe7 27. Nxg6 Kxg6
28. Bxd6 Qd8 29. Rd1 Qb6+ 30. Kf1 Rad8 31. Qc2+ Kg7 32. Qe4 Qa5 33. a4 Qc3 34.
Qd3 Qxd3+ 35. Rxd3 b6 36. Ke2 Rd7 37. Rhd1 Rhd8 38. c5 Kg6 39. cxb6 axb6 40. Bf4
Rxd3 41. Rxd3 Rd5 42. Bc7 Bd4 43. Bg3 h5 44. gxh5+ Kxh5 45. Be1 Re5+ 46. Kd2 Bc5
47. g4+ Kg5 48. Bg3 Bb4+ 49. Kd1 Rd5 50. Ke2 Rxd3 51. Kxd3 f5 52. gxf5 Kxf5 53.
Bc7 Bc5 54. a5 bxa5 55. Bxa5 Kf4 56. Kc4 Bd6 57. b4 Kxf3 58. b5 cxb5+ 59. Kxb5
e5 60. Kc4 e4 61. Kd4 Bf4 62. Bb4 Bc1 63. Bc3 Be3+ 64. Kc4 Bb6 65. Kb5 Ba7 66.
Ka6 Bf2 67. Kb5 Ke2 68. Kc4 Bb6 69. Kd5 Kd3 70. Bb4 e3 71. Kc6 Ba7 72. Kb7 Bd4
73. Kc6 e2 74. Be1 Kc2 75. Kd5 Kd1 76. Bh4 Bc3 77. Kc4 Be1 78. Be7 Bf2 79. Bb4
Be3 80. Kd3 Bf2 81. Ba5 Be1 82. Bd8 Bd2 83. Bh4 Bf4 84. Bf2 Bh2 85. Bh4 Bg1 86.
Bg3 Bb6 87. Bh4 Ba5 88. Bg3 Bd2 89. Bh4 Bg5 90. Bg3 Bd2 91. Bh4 {Game drawn by
repetition} 1/2-1/2

[Event "Team 45 45 League T46"]
[Site "Internet Chess Club"]
[Date "2010.10.02"]
[Round "9"]
[White "Just-Jim"]
[Black "Muravey"]
[Result "0-1"]
[WhiteElo "1326"]
[BlackElo "1597"]
[Opening "Queen's pawn: Chigorin variation"]
[ECO "D00"]
[Time "15:43:34"]
[TimeControl "2700+45"]

1. d4 d5 2. Nc3 Bf5 3. Bf4 a6 4. e3 Nf6 5. Bd3 Bg6 6. Be5 e6 7. e4 dxe4 8. Bxf6
Qxf6 9. Bxe4 Bxe4 10. Nxe4 Qg6 11. Ng3 Bd6 12. N1e2 O-O 13. O-O Nd7 14. Qd2 Nf6
15. h3 e5 16. c3 e4 17. Qe3 Rfe8 18. Nf4 Bxf4 19. Qxf4 Nd5 20. Qf5 Qxf5 21. Nxf5
g6 22. Nh6+ Kg7 23. Ng4 h5 24. Ne3 Nxe3 25. fxe3 f5 26. Rf4 Kf6 27. g4 Rg8 28.
Kh2 hxg4 29. hxg4 Rh8+ 30. Kg3 Rh7 31. gxf5 gxf5 32. Rh4 Rg7+ 33. Kf4 Rag8 34.
Rh6+ Rg6 35. Rxg6+ Rxg6 36. Rf1 Rg4# {White checkmated} 0-1

[Event "Team 45 45 League T46"]
[Site "Internet Chess Club"]
[Date "2010.10.02"]
[Round "9"]
[White "az2112"]
[Black "JeeniousChess"]
[Result "0-1"]
[WhiteElo "1693"]
[BlackElo "1737"]
[Opening "Sicilian: Canal-Sokolsky (Nimzovich-Rossolimo, Moscow) attack"]
[ECO "B51"]
[Time "11:45:47"]
[TimeControl "2700+45"]

1. e4 c5 2. Nf3 d6 3. Bb5+ Nd7 4. O-O a6 5. Bxd7+ Bxd7 6. Re1 e6 7. c3 Nf6 8. d4
cxd4 9. cxd4 Be7 10. Nc3 O-O 11. e5 Ne8 12. exd6 Bxd6 13. Ne5 Bc8 14. Be3 Bb8
15. Rc1 Nc7 16. Qb3 Ba7 17. Ne2 Nd5 18. Rc2 b5 19. Nc6 Qd6 20. Nxa7 Rxa7 21. Ng3
Qb4 22. Rc3 a5 23. a3 Qxb3 24. Rxb3 Bd7 25. Ne4 a4 26. Rd3 b4 27. Nc5 Bb5 28.
Rdd1 Rb8 29. Bd2 b3 30. h3 Nb6 31. Re3 Nc4 32. Rc3 Nxb2 33. Rdc1 Nc4 34. Bf4 Rb6
35. Nd3 h6 36. Rxc4 Bxc4 37. Rxc4 b2 38. Nxb2 Rxb2 39. Bd6 g5 40. f4 Kg7 41.
fxg5 hxg5 42. d5 exd5 43. Be5+ f6 44. Bxb2 dxc4 45. Kf2 Rb7 46. Bc3 Rb3 47. Bb4
Kg6 48. g3 c3 49. h4 gxh4 50. gxh4 c2 51. Bd2 Rxa3 {White resigns} 0-1

[Event "Team 45 45 League T46"]
[Site "Internet Chess Club"]
[Date "2010.10.05"]
[Round "9"]
[White "MarkNY"]
[Black "daniguti"]
[Result "0-1"]
[WhiteElo "1736"]
[BlackElo "1616"]
[Opening "Alekhine's defense: four pawns attack"]
[ECO "B03"]
[Time "20:49:38"]
[TimeControl "2700+45"]

1. e4 Nf6 2. e5 Nd5 3. d4 d6 4. c4 Nb6 5. f4 dxe5 6. fxe5 Bf5 7. Be3 e6 8. Nf3
Nc6 9. Be2 Be7 10. O-O O-O 11. Nc3 f6 12. Bf4 Bg4 13. d5 exd5 14. cxd5 fxe5 15.
Nxe5 Bxe2 16. Qxe2 Nxe5 17. Bxe5 Bc5+ 18. Kh1 Qe7 19. Rxf8+ Rxf8 20. Re1 Bb4 21.
Qe4 Bxc3 22. bxc3 Nd7 23. d6 cxd6 24. Qc4+ Qf7 25. Qxf7+ Kxf7 26. Rf1+ Ke8 27.
Rxf8+ Kxf8 28. Bxd6+ Kf7 29. Kg1 Ke6 30. Ba3 Kd5 31. Kf2 Kc4 32. Bb2 Nc5 33. Kf3
Na4 34. Ba1 Nxc3 35. Kf4 Nxa2 36. Bxg7 Nc3 37. g4 b5 38. Ke3 b4 39. Kd2 a5 40.
h4 a4 41. Kc2 a3 42. g5 b3+ 43. Kd2 b2 {White resigns} 0-1

[Event "Team 45 45 League T46"]
[Site "Internet Chess Club"]
[Date "2010.10.01"]
[Round "9"]
[White "JABalin"]
[Black "BotanicalKnight"]
[Result "1-0"]
[WhiteElo "1827"]
[BlackElo "1631"]
[Opening "Caro-Kann: advance variation"]
[ECO "B12"]
[Time "19:34:19"]
[TimeControl "2700+45"]

1. e4 c6 2. d4 d5 3. e5 Bf5 4. h4 Qb6 5. g4 Bd7 6. Nc3 e6 7. a3 c5 8. Nf3 Nc6 9.
Be3 c4 10. Rb1 Na5 11. g5 f6 12. gxf6 gxf6 13. exf6 Nxf6 14. Bg5 Be7 15. Ne5 h5
16. Ng6 Rh7 17. Nxe7 Kxe7 18. Bxf6+ Kxf6 19. Qf3+ Ke7 20. Qe3 Qd6 21. Qg5+ Kf7
22. Rg1 Rah8 23. Be2 Qe7 24. Qxe7+ Kxe7 25. Rg5 Nc6 26. Rd1 Nd8 27. Kd2 Nf7 28.
Rg6 Nh6 29. Bxh5 Nf5 30. Bg4 Nxd4 31. Kc1 Be8 32. Rg5 Nb5 33. Nxb5 Bxb5 34. Re1
Rh6 35. Rg7+ Kd6 36. Rxb7 Rxh4 37. Rxe6+ Kc5 38. Rc7+ {Black resigns} 1-0

[Event "Team 45 45 League T46"]
[Site "Internet Chess Club"]
[Date "2010.10.03"]
[Round "9"]
[White "Uwak"]
[Black "easycure"]
[Result "1-0"]
[WhiteElo "2488"]
[BlackElo "2343"]
[Opening "French: Tarrasch"]
[ECO "C03"]
[Time "22:01:26"]
[TimeControl "2700+45"]

1. e4 e6 2. d4 d5 3. Nd2 Be7 4. Ngf3 c5 5. exd5 Qxd5 6. Bc4 Qc6 7. Qe2 a6 8.
dxc5 Qxc5 9. O-O Nf6 10. Ne4 Nxe4 11. Qxe4 Nd7 12. Be3 Qh5 13. Bd4 Nf6 14. Qf4
O-O 15. Rfe1 b5 16. Qc7 bxc4 17. Qxe7 Nd5 18. Qc5 Bb7 19. Re5 Qh6 20. Qxc4 Rac8
21. Qb3 Ba8 22. Rae1 Nf4 23. Rg5 f6 24. Rg4 Bd5 25. Qb4 Nh3+ 26. gxh3 Bxf3 27.
Rg3 Bd5 28. Bc5 Rf7 29. Qd4 Rd7 30. c4 e5 31. Qg4 Bc6 32. Be7 Qg6 33. Qh4 Qf7
34. Bxf6 g6 35. Bxe5 Rf8 36. Bd4 Rfd8 37. Bc3 Rf8 38. Rge3 Qf5 39. Re7 Rf7 40.
Re8+ Rf8 41. R8e7 Rf7 42. R7e6 g5 43. Re8+ Rf8 44. Rxf8+ Kxf8 45. Qh6+ Kg8 46.
Re8+ Kf7 47. Rf8+ Ke7 48. Bb4+ {Black resigns} 1-0

[Event "Team 45 45 League T46"]
[Site "Internet Chess Club"]
[Date "2010.10.03"]
[Round "9"]
[White "MikeA"]
[Black "jorobo"]
[Result "1/2-1/2"]
[WhiteElo "2161"]
[BlackElo "2110"]
[Opening "Pirc: classical system, 5.Be2"]
[ECO "B08"]
[Time "15:00:08"]
[TimeControl "2700+45"]

1. e4 d6 2. d4 Nf6 3. Nc3 g6 4. Nf3 Bg7 5. Be2 O-O 6. O-O Bg4 7. h3 Bxf3 8. Bxf3
e5 9. dxe5 dxe5 10. Qxd8 Rxd8 11. Nd5 Nxd5 12. exd5 f5 13. d6 c6 14. Rd1 Bf8 15.
Bg5 Rxd6 16. Rxd6 Bxd6 17. Rd1 Bc7 18. g4 e4 19. Be2 b5 20. gxf5 gxf5 21. f3 Na6
22. c4 Nc5 23. cxb5 cxb5 24. Bxb5 {Game drawn by mutual agreement} 1/2-1/2